 Dungeon Crawl Stone Soup version 0.30.2 (webtiles) character file.

Game seed: 10428085296023633072

3635 porpoise the Skirmisher (level 10, -4/71 HPs)
             Began as a Human Hunter on Mar 10, 2024.
             Was a Believer of Hepliaklqana.
             Slain by a shadow (13 damage)
             ... on level 8 of the Dungeon.
             The game lasted 00:21:21 (6861 turns).

porpoise the Skirmisher (Human Hunter)              Turns: 6861, Time: 00:21:21

Health: -4/71      AC: 11    Str: 11 (12) XL:     10   Next: 33%
Magic:  12/12      EV: 13    Int:  9 (10) God:    Hepliaklqana [**....]
Gold:   412        SH:  5    Dex: 18 (20) Spells: 9/9 levels left

rFire   . . .        b - +1 rapier (venom)
rCold   . . .        (no shield)
rNeg    . . .        J - +1 acid dragon scales
rPois   .            d - +2 hat
rElec   .            x - +0 cloak
rCorr   +            G - +0 pair of gloves
SInv    .            (no boots)
Will    .....        L - amulet of reflection
Stlth   +++          y - ring of flight
HPRegen 0.31/turn    (no ring)
MPRegen 0.13/turn

%: reflection
@: flying
A: reduced essence
a: Renounce Religion, Recall Ancestor, Ancestor Identity


You were on level 8 of the Dungeon.
You worshipped Hepliaklqana.
Hepliaklqana was pleased with you.
You visited 2 branches of the dungeon, and saw 10 of its levels.

You collected 412 gold pieces.

Inventory:

Hand Weapons
 a - a +0 shortbow
 b - a +1 rapier of venom (weapon)
Armour
 d - a +2 hat (worn)
 q - a +2 leather armour of fire resistance
 x - a +0 cloak (worn)
 G - a +0 pair of gloves (worn)
 J - +1 acid dragon scales (worn)
 K - the +6 scale mail of Hide-and-Seek {+Inv rF+}
   (You found it on level 8 of the Dungeon)

   rF:        It protects you from fire.
   +Inv:      It lets you turn invisible.
 N - the +5 robe of the Sturgeon {rC+++ rCorr Int-4 Dex-3}
   (You found it on level 8 of the Dungeon)

   Int:       It affects your intelligence (-4).
   Dex:       It affects your dexterity (-3).
   rC:        It renders you almost immune to cold.
   rCorr:     It protects you from acid and corrosion.
Jewellery
 r - an amulet of guardian spirit
 y - a ring of flight (left hand)
 I - a ring of magical power
 L - an amulet of reflection (around neck)
Wands
 l - a wand of iceblast (24)
 o - a wand of mindburst (8)
 p - a wand of light (3)
 z - a wand of charming (11)
 H - a wand of flame (41)
Scrolls
 e - 4 scrolls of teleportation
 f - a scroll of amnesia {unknown}
 g - 2 scrolls of noise
 h - a scroll of fog {unknown}
 j - 2 scrolls of enchant weapon {unknown}
 k - 2 scrolls of fear
 s - 3 scrolls of vulnerability {unknown}
 v - a scroll of torment {unknown}
 A - 2 scrolls of immolation
 F - a scroll of enchant armour {unknown}
 M - a scroll of summoning {unknown}
 O - a scroll of silence {unknown}
Potions
 c - 2 potions of attraction {unknown}
 i - a potion of ambrosia
 m - a potion of lignification
 n - 2 potions of flight
 t - 2 potions of mutation
 u - a potion of heal wounds {unknown}
 w - 3 potions of invisibility
 B - a potion of brilliance {unknown}
 C - 2 potions of degeneration
 D - a potion of haste {unknown}
 E - a potion of cancellation {unknown}
 P - a potion of berserk rage {unknown}
 Q - a potion of curing


   Skills:
 - Level 7.0 Fighting
 * Level 11.4 Ranged Weapons
 + Level 3.8 Dodging
 - Level 5.0 Stealth
 + Level 3.3 Invocations


You had 9 spell levels left.
You didn't know any spells.
Your spell library contained the following spells:

 Spells                   Type           Power      Damage    Failure   Level
 Call Canine Familiar     Summ           0%         N/A       88%         3
 Portal Projectile        Hex/Tloc       0%         N/A       88%         3
 Vhi's Electric Charge    Tloc/Air       0%         N/A       88%         3
 Animate Armour           Summ/Erth      0%         N/A       99%         4
 Leda's Liquefaction      Hex/Erth       0%         N/A       99%         4
 Arcjolt                  Conj/Air       0%         1d10      100%        5
 Blade Hands              Tmut           0%         N/A       100%        5
 Iron Shot                Conj/Erth      0%         9d1       100%        6
 Malign Gateway           Summ/Tloc      0%         N/A       100%        7
 Maxwell's Capacitive Co  Air            0%         ∞         100%        8
 Summon Horrible Things   Summ           0%         N/A       100%        8


Dungeon Overview and Level Annotations

Branches:
Dungeon (9/15)             Temple (1/1) D:4
   Lair: D:8-11         Orc: D:9-12

Altars:
Ashenzari
Cheibriados
Dithmenos
Elyvilon
Fedhas
Gozag
Hepliaklqana
Makhleb
Nemelex Xobeh
Okawaru
Qazlal
Ru
Sif Muna
Trog
Uskayaw
Vehumet
Wu Jian
Xom
Yredelemnul
Zin
The Shining One

Shops:
D:6 [   D:8 [=([[


Message History

The shadow strikes at you from the darkness!
Reactivating autopickup.
The shadow attacks as you move away! The shadow completely misses you.
There is a stone staircase leading up here.
Fire: a) +0 shortbow
Press: ? - help, Q - select action, (/) - cycle Shift-Dir - straight line, f/p - steam dragon
Aim: a steam dragon (severely wounded, 70% to hit)
Okay, then.
The steam dragon breathes steam at you. The ball of steam hits you.
The shadow strikes at you from the darkness!
* * * LOW HITPOINT WARNING * * *
The shadow hits you.
The acid dragon roars!
You fly upwards.
There is a stone staircase leading down here.
You feel better. The steam dragon misses you.
The steam dragon barely misses you. The shadow hits you.
* * * LOW HITPOINT WARNING * * *
It was a potion of degeneration.
There was something very wrong with that liquid.
You feel weakened.
You feel dopey.
You feel clumsy. The steam dragon misses you.
You block the steam dragon's attack.
The shadow slips into darkness.
The shadow flickers and vanishes!
Deactivating autopickup; reactivate with Ctrl-A.
Fire: a) +0 shortbow
Press: ? - help, Q - select action, (/) - cycle Shift-Dir - straight line, f - steam dragon
Aim: a steam dragon (severely wounded, 69% to hit)
Okay, then.
Unknown command.
Unknown command.
Your +1 rapier of venom begins to drip with poison!
b - a +1 rapier of venom (weapon)
You hit the steam dragon.
The steam dragon is poisoned.
The steam dragon is severely wounded.
The steam dragon bites you but does no damage.
The steam dragon claws you but does no damage.
The shadow strikes at you from the darkness!
You die...

#.####....#.##.############..##
#.# #....#.##.................
#.# #....#.##.#............###
#.# #....#.##.................
#.# #....#.##......#...#.#...#
#.# #.####..........#.#...#.#.
#.# #.#######....#.).#.[...#..
#.####.............#..#.....#..
#.##..........@.#...###.....###
#............{.D.#..#..#...#..#
#####.#............###...#.#...#
#.................#...#...#...#.
####....###.###..#.....#..#..#..
#....# #.###.........#####...
#....# #.##...#.....#..#..#..
#....# #.##....#...#...#...#.
#....###........###...#.#...#


You could see a steam dragon (very poisoned).

Vanquished Creatures
  Maggie (D:7)
  Grinder (D:3)
  A hornet (D:8)
  A steam dragon (D:7)
  2 orc warriors
  A sky beast (D:8)
  A black bear (D:8)
  3 ogres
  A centaur (D:6)
  3 phantoms
  Blork the orc (D:6)
  4 bullfrogs
  3 killer bees (D:8)
  A howler monkey (D:7)
  7 hounds
  5 jellies
  An orc priest (D:6)
  A gnoll bouda (D:4)
  2 iguanas
  3 orc wizards
  9 adders
  7 gnolls
  2 white imps
  An ufetubus (D:5)
  4 dart slugs
  16 orcs
  7 ball pythons
  5 endoplasms
  8 giant cockroaches
  7 goblins
  5 hobgoblins
  12 jackals
  A quokka (D:1)
  5 bats
  2 frilled lizards (D:1)
  3 kobolds
  6 rats
143 creatures vanquished.

Vanquished Creatures (collateral kills)
  Prince Ribbit (D:9)
  A water moccasin (D:8)
  2 black bears (D:7)
  A gnoll sergeant (D:8)
  A jelly (D:8)
6 creatures vanquished.

Vanquished Creatures (others)
  A knight (D:9)
  3 ancestors
4 creatures vanquished.

Grand Total: 153 creatures vanquished

Notes
Turn   | Place    | Note
-------+----------+-------------------------------------------
     0 | D:1      | porpoise the Human Hunter began the quest for the Orb.
     0 | D:1      | Reached XP level 1. HP: 16/16 MP: 1/1
   170 | D:1      | Reached XP level 2. HP: 22/22 MP: 2/2
   483 | D:2      | Reached XP level 3. HP: 28/28 MP: 3/3
   539 | D:2      | Found a faded altar of an unknown god.
   712 | D:2      | Reached XP level 4. HP: 34/34 MP: 4/4
   867 | D:2      | Identified the +0 robe of Zom Akum {Int+3}
  1086 | D:3      | Noticed Grinder
  1098 | D:3      | Killed Grinder
  1099 | D:3      | Reached skill level 5 in Ranged Weapons
  1099 | D:3      | Reached XP level 5. HP: 27/41 MP: 5/5
  1099 | D:3      | Reached XP level 6. HP: 31/47 MP: 6/6
  1924 | D:4      | Found a shimmering altar of Xom.
  1933 | D:4      | Reached skill level 6 in Ranged Weapons
  2102 | D:4      | Reached XP level 7. HP: 18/53 MP: 7/7
  2391 | D:4      | Found a staircase to the Ecumenical Temple.
  2410 | Temple   | Entered the Ecumenical Temple
  2483 | Temple   | Became a worshipper of Hepliaklqana the Forgotten
  2570 | D:4      | Found a white marble altar of Elyvilon.
  2654 | D:5      | Entered Level 5 of the Dungeon
  2954 | D:5      | Reached skill level 7 in Ranged Weapons
  3002 | D:5      | Reached XP level 8. HP: 59/61 MP: 8/8
  3404 | D:5      | Found a snail-covered altar of Cheibriados.
  3546 | D:5      | Found a sparkling altar of Nemelex Xobeh.
  3882 | D:6      | Reached skill level 5 in Fighting
  3914 | D:6      | Found a radiant altar of Vehumet.
  3922 | D:6      | Reached skill level 5 in Stealth
  3937 | D:6      | Reached skill level 8 in Ranged Weapons
  4082 | D:6      | Found Huiw's Armour Emporium.
  4082 | D:6      | Noticed an animated gold dragon scales
  4084 | D:6      | Noticed an animated plate armour
  4202 | D:6      | Reached XP level 9. HP: 54/69 MP: 4/9
  4268 | D:6      | Noticed Blork the orc
  4274 | D:6      | Killed Blork the orc
  4314 | D:6      | Reached skill level 9 in Ranged Weapons
  4788 | D:7      | Reached * piety under Hepliaklqana
  5069 | D:7      | Found a shimmering blue altar of Sif Muna.
  5302 | D:7      | Noticed Maggie
  5314 | D:7      | Killed Maggie
  5315 | D:7      | Reached skill level 10 in Ranged Weapons
  5734 | D:7      | Found an iron altar of Okawaru.
  5813 | D:8      | Identified the +6 scale mail of Hide-and-Seek {+Inv rF+}
  5819 | D:8      | Reached skill level 1 in Invocations
  5871 | D:8      | Reached XP level 10. HP: 67/71 MP: 9/11
  6134 | D:8      | Found Waxogoal's Armour Boutique.
  6157 | D:8      | Found an opulent altar of Gozag.
  6195 | D:8      | Found Bailaxi's Antique Armour Emporium.
  6195 | D:8      | Identified the +5 robe of the Sturgeon {rC+++ rCorr Int-4
                  | Dex-3}
  6343 | D:8      | Found Iqohiduph's Weapon Boutique.
  6374 | D:8      | Reached skill level 11 in Ranged Weapons
  6390 | D:8      | Reached ** piety under Hepliaklqana
  6391 | D:8      | Remembered your ancestor Nikki as a knight
  6507 | D:8      | Found Nauz's Jewellery Shop.
  6636 | D:8      | Found Deaco's Antique Armour Shop.
  6832 | D:9      | Noticed Prince Ribbit
  6838 | D:9      | Killed Prince Ribbit
  6856 | D:9      | HP: 2/71 [something (22)]
  6861 | D:8      | Slain by a shadow

Illustrated notes

Levels and vault maps discovered:
D:1:      co_arrival_square_in_a_square_in_a_square, layout_rooms, st_stairs_5
D:2:      layout_rooms, hellmonk_ecumenical_altar_lost_god
D:3:      minmay_recursive_quarters, layout_basic, uniq_grinder
D:4:      layout_rooms, xom_teletrap_fun, general_overflow_altar,
          minmay_temple_entry_purple_smoke
D:5:      layout_loops_ring, nemelex_diamond_rough_becter, kennysheep_mini_moat,
          kennysheep_generic_room_7
D:6:      layout_loops_ring, mainiacjoe_overflow_cross_hatched, serial_shops,
          nicolae_shop_mannequins, uniq_blork_the_orc
D:7:      layout_loops_ring, nicolae_sif_muna_condensation, lemuel_doored_altar,
          uniq_maggie
D:8:      layout_basic, mainiacjoe_overflow_brackets, serial_shops, shop,
          nicolae_shop_dealshenge, nicolae_shop_getting_attention,
          nicolae_shop_behind_doors, nicolae_shop_tiny_glass,
          minmay_splitting_lines
D:9:      layout_loops_cross, hellmonk_lair_entry_icy, uniq_harold,
          uniq_prince_ribbit1
Temple:   dshaligram_water_room_temple

Skill      XL: |  1  2  3  4  5  6  7  8  9 10 |
---------------+-------------------------------+-----
Stealth        | 2 3 4 5 |  5.0
Fighting       | 3 4 5 7 |  7.0
Ranged Weapons | 5 6 7 8 10 11 | 11.4
Invocations    | 1 3 |  3.3
Dodging        | 3 |  3.8

Action                     |  1- 3 |  4- 6 |  7- 9 | 10-12 || total
---------------------------+-------+-------+-------+-------++-------
  Melee: Falchion          |       |       |     9 |       ||     9
         Rapier            |       |       |     5 |     1 ||     6
         Punch             |       |       |     1 |       ||     1
   Fire: Shortbow          |    82 |   137 |   331 |    72 ||   622
 Invoke: Ancestor Identity |       |       |     1 |       ||     1
         Ancestor Life: Kn |       |       |       |     1 ||     1
    Use: Scroll            |       |     6 |     3 |       ||     9
         Potion            |       |       |     1 |     2 ||     3
 Armour: Leather armour    |    10 |    19 |    52 |       ||    81
         Acid dragon scale |       |       |     6 |    12 ||    18
  Dodge: Dodged            |    24 |    44 |   105 |    22 ||   195
  Block: Other             |       |       |       |     2 ||     2
